 Dungeon Crawl Stone Soup version 0.26.0-11-g8f856b5395 (webtiles) character file.

Game seed: 16107011994273421961

263 jiml777 the Skirmisher (level 5, -3/37 HPs)
             Began as a Demonspawn Abyssal Knight on Jan 15, 2021.
             Was a Believer of Lugonu.
             Slain by a gnoll
             ... wielding a +0 spear
              (6 damage)
             ... on level 3 of the Dungeon.
             The game lasted 00:08:54 (2525 turns).

jiml777 the Skirmisher (Demonspawn Abyssal Knight)  Turns: 2525, Time: 00:08:54

Health: -3/37      AC:  6    Str: 15    XL:     5   Next: 97%
Magic:  7/7        EV: 13    Int: 13    God:    Lugonu [**....]
Gold:   187        SH:  0    Dex: 13    Spells: 4/4 levels left

rFire    . . .     SeeInvis .   d - +1 short sword (elec)
rCold    . . .     Faith    .   (no shield)
rNeg     . . .     Spirit   .   g - +0 scale mail
rPois    .         Reflect  .   (no helmet)
rElec    .         Harm     .   (no cloak)
rCorr    .         Rampage  .   (no gloves)
Will     .....     Rnd*Tele +   (no boots)
Stlth    ..........             (no amulet)
HPRegen  0.12/turn              f - ring of teleportation (curse)
MPRegen  0.10/turn              k - ring of flight

@: no status effects
A: repulsion field 2, deterioration 1, frail 1, strong 1
a: Renounce Religion, Evoke Flight, Depart the Abyss, Bend Space


You were on level 3 of the Dungeon.
You worshipped Lugonu.
Lugonu was pleased with you.
You visited 1 branch of the dungeon, and saw 3 of its levels.
You visited the Abyss 1 time.

You collected 187 gold pieces.

Inventory:

Hand Weapons
 a - a +1 hand axe
 d - a +1 short sword of electrocution (weapon)
Missiles
 c - 17 arrows
 e - 12 poisoned darts
Armour
 b - a +0 leather armour
 g - a +0 scale mail (worn)
Jewellery
 f - a cursed ring of teleportation (left hand)
 k - a ring of flight (right hand)
Scrolls
 h - 2 scrolls of teleportation {unknown}
 i - a scroll of enchant weapon {unknown}
Potions
 m - a potion of magic {unknown}


   Skills:
 + Level 4.2 Fighting
 * Level 2.9 Short Blades
 - Level 1.7 Axes
 + Level 3.1 Armour
 + Level 1.6 Dodging
 + Level 0.8 Stealth
 + Level 2.8 Invocations


You had 4 spell levels left.
You didn't know any spells.
Your spell library was empty.

Dungeon Overview and Level Annotations

Branches:
Dungeon (3/15)

Altars:


Innate Abilities, Weirdness & Mutations

You are surrounded by a moderate repulsion field. (EV +3)
Your body sometimes deteriorates upon taking damage.
You are frail. (-10% HP)
Your muscles are strong. (Str +2)


Message History

The gnoll is heavily wounded.
The gnoll hits you.
* * * LOW HITPOINT WARNING * * *
You hit the gnoll.
The gnoll is almost dead.
The gnoll hits you!
* * * LOW HITPOINT WARNING * * *
It was a potion of mutation.
You feel extremely strange.
You feel frail.
You feel yourself wasting away.
You feel stronger. The gnoll hits you but does no damage.
Okay, then.
You completely miss the gnoll.
The gnoll is almost dead.
The gnoll closely misses you.
You hit the gnoll.
You kill the gnoll!
Lugonu accepts your kill.
You barely miss the hobgoblin. The hobgoblin closely misses you.
The gnoll hits you from afar with a +0 spear.
You die...

...........g....#
##.....†#......#
#..# #..##..####..>#
#.. ##.....####...#
...#
###..##........#
.#.#
###......gg..#...#
.#.####....####g####
.........### #g##
.#.....### #.@#
....#### ##.# ....#
#.# ....####### #..
..[........ ####
....####### #####


You could see 2 gnolls and a hobgoblin.

Vanquished Creatures
  Sigmund (D:2)
  A centaur skeleton (D:2)
  3 adders
  A gnoll (D:3)
  2 dart slugs (D:1)
  5 bats
  4 giant cockroaches
  6 goblins
  4 hobgoblins
  3 jackals (D:1)
  2 frilled lizards
  7 kobolds
  4 rats
43 creatures vanquished.

Notes
Turn   | Place    | Note
-------+----------+-------------------------------------------
     0 | Abyss:1  | jiml777 the Demonspawn Abyssal Knight began the quest for
                  | the Orb.
     0 | Abyss:1  | Reached XP level 1. HP: 18/18 MP: 2/2
     7 | Abyss:1  | Found an ornate altar of the Wu Jian Council.
    21 | Abyss:1  | Found a corrupted altar of Lugonu.
   211 | D:1      | Escaped the Abyss
   562 | D:1      | Gained mutation: You are surrounded by a mild repulsion
                  | field. (EV +2) [demonic ancestry]
   562 | D:1      | Reached XP level 2. HP: 24/24 MP: 3/3
   924 | D:1      | Reached ** piety under Lugonu
  1169 | D:2      | Reached skill level 1 in Dodging
  1169 | D:2      | Reached XP level 3. HP: 22/30 MP: 3/5
  1171 | D:2      | Reached skill level 1 in Short Blades
  1367 | D:2      | Reached XP level 4. HP: 32/37 MP: 6/6
  1600 | D:2      | Reached skill level 4 in Fighting
  1793 | D:2      | Noticed Sigmund
  1814 | D:2      | Killed Sigmund
  1815 | D:2      | Gained mutation: You are surrounded by a moderate repulsion
                  | field. (EV +3) [demonic ancestry]
  1815 | D:2      | Reached XP level 5. HP: 11/42 MP: 7/7
  2522 | D:3      | Gained mutation: You are frail. (-10% HP) [potion of
                  | mutation]
  2522 | D:3      | Gained mutation: Your body sometimes deteriorates upon
                  | taking damage. [potion of mutation]
  2522 | D:3      | Gained mutation: Your muscles are strong. (Str +2) [potion
                  | of mutation]
  2525 | D:3      | Slain by a gnoll

Illustrated notes

Levels and vault maps discovered:
D:1:      psy_arrival_basics, layout_loops_ring
D:2:      layout_basic, uniq_sigmund
D:3:      layout_rooms, bh_walls_and_bars, uniq_crazy_yiuf_cottage

Skill      XL: |  1  2  3  4 |
---------------+-------------+-----
Armour         | 2 3 |  3.1
Dodging        | 1 |  1.6
Short Blades   | 1 2 |  2.9
Fighting       | 4 |  4.2
Axes           | |  1.7
Stealth        | |  0.8
Invocations    | |  2.8

Action                   |  1- 3 |  4- 6 || total
-------------------------+-------+-------++-------
Melee: Short sword       |    60 |    68 ||   128
       Hand axe          |     3 |       ||     3
  Use: Scroll            |     1 |       ||     1
       Potion            |       |     2 ||     2
Armor: Leather armour    |     3 |       ||     3
       Scale mail        |    30 |    24 ||    54
Dodge: Dodged            |    54 |    44 ||    98
